 Dungeon Sprint DCSS version 0.21.0-26-g889b8f6 (webtiles) character file.

265503 wojtek the Invulnerable (level 17, -9/190 (191) HPs)
             Began as a Minotaur Berserker on Jan 27, 2018.
             Was a High Priest of Trog.
             Mangled by Antaeus (12 damage)
             ... in the Dungeon (Sprint III: "The Ten Rune Challenge").
             The game lasted 00:52:55 (12986 turns).

wojtek the Invulnerable (Minotaur Berserker)       Turns: 12986, Time: 00:52:55

HP:   -9/190 (191)  AC: 37    Str: 38    XL:     17   Next: 64%
MP:   24/24         EV: 30    Int:  6    God:    Trog [*****.]
Gold: 1694          SH:  0    Dex: 19    Spells: 16/16 levels left

rFire    . . .     SeeInvis .   Z - +2 battleaxe of Trog's Supremacy {vamp, +Rage Stlth+}
rCold    + + .     Gourm    +   (shield currently unavailable)
rNeg     . . .     Faith    .   K - +4 plate armour {rF+}
rPois    .         Spirit   .   C - +2 hat
rElec    .         Reflect  .   U - +1 cloak {MR+}
rCorr    .         Harm     .   D - +2 pair of gloves {Dex+3}
MR       ++...     NoTele   +   t - +0 pair of boots of Jab Wuuto {MP-9 Str+7 Int+2 Dex+2}
Stlth    ..........             Q - amulet "Xomnut" {Gourm rF+ Str+4 Dex+2}
HPRegen  0.41/turn              y - ring of ice
MPRegen  0.19/turn              W - ring of ice

@: flying
A: retaliatory headbutt, horns 2
}: 5/10 runes: serpentine, barnacled, silver, golden, obsidian
a: Berserk, Trog's Hand, Brothers in Arms, Burn Spellbooks, Renounce Religion,
Evoke Berserk Rage


You were in the Dungeon.
You worshipped Trog.
Trog was extremely pleased with you.
You were not hungry.

You visited 1 branch You collected 4439 gold pieces.
You spent 2745 gold pieces at shops.

Inventory:

Hand Weapons
 q - the +1 battleaxe of Circular Logic {flame, Str+7 Int+5 Dex-2, unknown}
   (Trog gifted it to you in the Dungeon)

   It has been specially enchanted to burn those struck by it, causing extra
   injury to most foes and up to half again as much damage against particularly
   susceptible opponents.
   Big, fiery blades are also staple armaments of hydra-hunters.
   It affects your strength (+7).
   It affects your intelligence (+5).
   It affects your dexterity (-2).
 w - a +5 antimagic battleaxe
 A - a +4 vampiric executioner's axe
 T - the +1 battleaxe "Luepig" {drain, MR+ Dex+6}
   (Trog gifted it to you in the Dungeon)

   A truly terrible weapon, it drains the life of those it strikes.
   It affects your dexterity (+6).
   It affects your resistance to hostile enchantments.
 Y - a +0 executioner's axe of pain
 Z - the +2 battleaxe of Trog's Supremacy (weapon) {vamp, +Rage Stlth+}
   (Trog gifted it to you in the Dungeon)

   It inflicts no extra harm, but heals its wielder when it wounds a living foe.
   It lets you go berserk.
   It makes you more stealthy.
Missiles
 b - 16 throwing nets (quivered)
Armour
 t - the +0 pair of boots of Jab Wuuto (worn) {MP-9 Str+7 Int+2 Dex+2}
   (You found it in the Dungeon)

   It affects your strength (+7).
   It affects your intelligence (+2).
   It affects your dexterity (+2).
   It affects your magic capacity (-9).
 z - a +1 large shield of reflection
 C - a +2 hat (worn)
 D - a +2 pair of gloves of dexterity (worn)
 I - a scarf of repulsion
 K - a +4 plate armour of fire resistance (worn)
 O - the +10 scale mail "Kecupury" {rElec rN+ Int+2 Dex+2}
   (You took it off a vault guard in the Dungeon)

   It affects your intelligence (+2).
   It affects your dexterity (+2).
   It insulates you from electricity.
   It protects you from negative energy.
 U - a +1 cloak of magic resistance (worn)
Jewellery
 a - an uncursed ring of see invisible
 k - an uncursed amulet of guardian spirit
 n - the amulet of the Priest {Gourm MR+ Int+3}
   (You took it off a skeletal warrior in the Dungeon)

   [amulet of the gourmand]

   It allows you to eat raw meat even when not hungry.
   It affects your intelligence (+3).
   It affects your resistance to hostile enchantments.
 v - an uncursed ring of flight
 y - a ring of ice (left hand)
 F - the ring "Wifoal" {rElec rPois SInv}
   (You took it off a vault guard in the Dungeon)

   [ring of see invisible]

   It insulates you from electricity.
   It protects you from poison.
   It lets you see invisible.
 H - the ring "Halixtiem" {rElec rN++ MP+9 Dex-2 Stlth+}
   (You bought it in a shop in the Dungeon)

   [ring of magical power]

   It affects your dexterity (-2).
   It insulates you from electricity.
   It greatly protects you from negative energy.
   It affects your magic capacity (+9).
   It makes you more stealthy.
 Q - the amulet "Xomnut" (around neck) {Gourm rF+ Str+4 Dex+2}
   (You found it in the Dungeon)

   [amulet of the gourmand]

   It allows you to eat raw meat even when not hungry.
   It affects your strength (+4).
   It affects your dexterity (+2).
   It protects you from fire.
 R - an uncursed ring of protection from fire
 W - a ring of ice (right hand)
Wands
 u - a wand of iceblast (4)
 E - a wand of digging (26)
Scrolls
 i - 4 scrolls of blinking
 l - 2 scrolls of identify
 m - a scroll of holy word
 o - a scroll of magic mapping
 x - 2 scrolls of silence {unknown}
 G - 3 scrolls of remove curse
 L - a scroll of fear
 M - a scroll of fog {unknown}
 N - 6 scrolls of enchant weapon
 P - a scroll of enchant armour {unknown}
 S - 6 scrolls of acquirement
Potions
 d - 4 potions of curing
 e - 3 potions of heal wounds
 f - 3 potions of haste
 g - 3 potions of magic
 h - a potion of berserk rage
 p - 4 potions of flight
 r - a potion of might
 s - 4 potions of mutation
 J - a potion of agility {unknown}
Miscellaneous
 j - 3 sacks of spiders
 B - 4 phantom mirrors
 V - the horn of Geryon
 X - 2 boxes of beasts
Comestibles
 c - 9 rations


   Skills:
 O Level 27 Fighting
 - Level 24.5 Axes
 O Level 27 Armour
 O Level 27 Dodging
 + Level 26.2 Evocations


You had 16 spell levels left.
You didn't know any spells.

Dungeon Overview and Level Annotations

Branches:
Dungeon (1/1)

Altars:
Cheibriados
Dithmenos
Elyvilon
Fedhas
Gozag
Hepliaklqana
Kikubaaqudgha
Makhleb
Nemelex Xobeh
Okawaru
Qazlal
Ru
Sif Muna
Trog
Uskayaw
Vehumet
Wu Jian
Xom
Yredelemnul
Zin
The Shining One
Beogh
Jiyva
Lugonu

Shops:
D ?=[[!=*%}%!%![=?=}((?%:(

Annotations:
D Antaeus


Innate Abilities, Weirdness & Mutations

You reflexively headbutt those who attack you in melee.
You have a pair of horns on your head.


Message History

Antaeus, Guardian of Cocytus comes into view.
Antaeus gurgles, "Admit defeat, thou pottle-deep base-court swadder!"
Found an icy rune of Zot.
Antaeus gestures at you. The flash freeze hits you!
You are encased in ice.
The ice encasing you melts away. Antaeus gestures at you.
The bolt of lightning hits you!
* * * LOW HITPOINT WARNING * * *
Antaeus gestures at you. The bolt of lightning misses you.
There is an open gateway to the freezing wastes of Cocytus, spattered with blood here.
You see here a bolt.
Your iron troll goes berserk!
You feel quite a bit more hungry.
You fail to use your ability.
Antaeus hits you!!!
* * * LOW HITPOINT WARNING * * *
Antaeus freezes you! You resist.
You die...

§§§.§.§# #(((...≈)#' §§§..§§#
####((####. §§§.§§8# #..'.....#'
+#############+###############.#.
§...................(.#...# ##.##
§.........(((.(.......#...###...#
...........(((((......'...'......
..........(..(.)(.....#...###)..#
.............((T@(....#...# ##.##
#+#############C##############.#.
#≈≈≈≈≈≈≈≈≈##......#'#'
+≈#'#≈C#####......#.'. # #.#≈≈'φ#
#.....[#.## ###≈≈### #.....)'(#.
≈≈≈≈≈ #.....[###. ###≈≈≈≈
#.###..#... +≈≈#+# #.#^#..'...


You could see Antaeus and a friendly iron troll (berserk).

Vanquished Creatures
  An ancient lich (D)
  Mennas (D)
  Boris (D)
  2 greater mummies (D)
  Geryon (D)
  Frederick (D)
  Nikola (D)
  2 golden dragons (D)
  A lich (D)
  A Brimstone Fiend (D)
  An Ice Fiend (D)
  3 titans (D)
  3 deep elf blademasters (D)
  An Executioner (D)
  Gastronok (D)
  An ancient champion (D)
  A kraken (D)
  Harold (D)
  2 sphinxes (D)
  Chuck (D)
  A storm dragon (D)
  3 shadow dragons (D)
  A nagaraja (D)
  Roxanne (D)
  An azure jelly (D)
  A frost giant (D)
  2 stone giants (D)
  Nessos (D)
  A deep elf demonologist (D)
  2 dire elephants (D)
  2 deep elf annihilators (D)
  A yellow draconian (D)
  A fire dragon (D)
  A deep elf death mage (D)
  8 mummy priests (D)
  A yaktaur captain (D)
  Erolcha (D)
  A deep elf high priest (D)
  2 hydras (D)
  2 hell beasts (D)
  17 vault guards (D)
  A naga warrior (D)
  3 alligator snapping turtles (D)
  An anaconda (D)
  An ogre mage (D)
  4 death yaks (D)
  2 centaur warriors (D)
  A two-headed ogre (shapeshifter) (D)
  4 dancing weapons (D)
  3 deep elf knights (D)
  Urug (D)
  A shock serpent (shapeshifter) (D)
  2 sun demons (D)
  8 skeletal warriors (D)
  2 soul eaters (D)
  A golden dragon zombie (D)
  A spriggan druid (D)
  An obsidian statue (D)
  3 kraken simulacra (D)
  An orange crystal statue (D)
  A lindwurm (D)
  A glowing orange brain (shapeshifter) (D)
  Joseph (D)
  A spectral iron dragon (D)
  A shining eye (D)
  2 orc knights (D)
  A manticore (shapeshifter) (D)
  6 ugly things (D)
  6 deep elf magi (D)
  3 crystal guardians (D)
  6 slime creatures (D)
  A guardian serpent (D)
  2 oklob plants (D)
  7 black mambas (D)
  An elephant (D)
  8 statues (D)
  A molten gargoyle (D)
  2 spiny frogs (D)
  A rime drake (D)
  5 yaktaurs (D)
  A komodo dragon (D)
  2 ice devils (D)
  2 anaconda simulacra (D)
  12 guardian mummies (D)
  4 spriggan defenders (D)
  A queen bee (D)
  A tyrant leech (shapeshifter) (D)
  2 tyrant leeches (D)
  3 hornets (D)
  An orc high priest (D)
  8 blink frogs (D)
  3 snapping turtles (D)
  A redback (shapeshifter) (D)
  2 spriggans (D)
  A shadow (D)
  A golden eye (D)
  5 redbacks (D)
  A spatial vortex (D)
  2 nagas (D)
  2 iron troll simulacra (D)
  2 water moccasins (D)
  2 hydra simulacra (D)
  3 wandering mushrooms (D)
  A floating eye (D)
  A swamp drake (D)
  A necrophage (D)
  5 two-headed ogres (D)
  A water elemental (D)
  32 killer bees (D)
  7 electric eels (D)
  A jelly (D)
  3 orc priests (D)
  A wizard (D)
  Crazy Yiuf (D)
  Jessica (D)
  A necromancer (D)
  A polar bear simulacrum (D)
  3 wolf simulacra (D)
  A kobold demonologist (D)
  3 humans (D)
  6 adders (D)
  4 orcs (D)
  3 rats (D)
  3 bushes (D)
  4 butterflies (D)
  2 fungi (D)
  3 plants (D)
327 creatures vanquished.

Vanquished Creatures (collateral kills)
  the Serpent of Hell (D)
  Mara (D)
  Rupert (D)
  3 azure jellies (D)
  A stone giant (D)
  2 vampire knights (D)
  A mummy priest (D)
  A yaktaur captain (D)
  An orc high priest (D)
  A glowing orange brain (D)
  A death drake (D)
  An orc knight (D)
  A crystal guardian (D)
  An ugly thing (D)
  An elephant (D)
  3 yaktaurs (D)
  4 guardian mummies (D)
  3 orc warriors (D)
  An orc priest (D)
  4 orc wizards (D)
  4 orcs (D)
37 creatures vanquished.

Vanquished Creatures (others)
  2 draconian scorchers (D)
  A shadow wraith (D)
  6 hellions (D)
  3 yaktaurs (D)
  5 ball lightnings (D)
  A ballistomycete (D)
  4 ballistomycete spores (D)
  A butterfly (D)
  11 plants (D)
  16 tentacles (D)
50 creatures vanquished.

Grand Total: 414 creatures vanquished

Notes
Turn   | Place    | Note
-------+----------+-------------------------------------------
     0 | D        | wojtek the Minotaur Berserker began the quest for the Orb.
     0 | D        | Reached XP level 1. HP: 19/19 MP: 0/0
    10 | D        | Noticed Jessica
    11 | D        | Reached ** piety under Trog
    14 | D        | Killed Jessica
    14 | D        | Reached skill level 5 in Axes
    14 | D        | Reached XP level 2. HP: 25/28 MP: 1/1
    51 | D        | Noticed Crazy Yiuf
    55 | D        | Killed Crazy Yiuf
    55 | D        | Reached skill level 5 in Fighting
    55 | D        | Reached XP level 3. HP: 36/36 MP: 2/2
    65 | D        | Reached *** piety under Trog
    65 | D        | Reached XP level 4. HP: 42/42 MP: 3/3
   108 | D        | Noticed a water elemental
   108 | D        | Killed a yaktaur
   110 | D        | Killed a water elemental
   110 | D        | Reached skill level 5 in Armour
   110 | D        | Reached skill level 5 in Dodging
   114 | D        | Found a radiant altar of Vehumet.
   114 | D        | Found a deep blue altar of Sif Muna.
   114 | D        | Found an ancient bone altar of Kikubaaqudgha.
   114 | D        | Noticed a wizard
   119 | D        | Reached XP level 5. HP: 25/51 MP: 1/4
   120 | D        | Reached **** piety under Trog
   124 | D        | Killed a white draconian scorcher
   128 | D        | Killed a hellion
   129 | D        | Killed a hellion
   129 | D        | Killed a hellion
   133 | D        | Killed a hellion
   181 | D        | Killed a hellion
   240 | D        | Killed a yaktaur
   254 | D        | Found a glowing silver altar of Zin.
   255 | D        | Found a glowing golden altar of the Shining One.
   255 | D        | Found a white marble altar of Elyvilon.
   255 | D        | Noticed a deep elf mage
   264 | D        | Killed a deep elf mage
   264 | D        | Reached ***** piety under Trog
   264 | D        | Reached XP level 6. HP: 61/63 MP: 3/5
   264 | D        | Reached XP level 7. HP: 68/70 MP: 3/6
   267 | D        | Killed a hellion
   326 | D        | Found a hide-covered altar of Uskayaw.
   326 | D        | Found a roughly hewn altar of Beogh.
   326 | D        | Found an iron altar of Okawaru.
   326 | D        | Found a bloodstained altar of Trog.
   326 | D        | Found an ornate altar of the Wu Jian Council.
   326 | D        | Noticed a human
   327 | D        | Noticed a human
   332 | D        | Killed a human
   336 | D        | Killed a human
   371 | D        | Found a basalt altar of Yredelemnul.
   371 | D        | Found a shadowy altar of Dithmenos.
   371 | D        | Found a sacrificial altar of Ru.
   387 | D        | Reached skill level 10 in Fighting
   397 | D        | Noticed a shadow
   401 | D        | Killed a shadow
   401 | D        | Reached XP level 8. HP: 65/79 MP: 5/7
   411 | D        | Killed a white draconian scorcher
   585 | D        | Found a blossoming altar of Fedhas.
   585 | D        | Found a stormy altar of Qazlal.
   586 | D        | Found a snail-covered altar of Cheibriados.
   586 | D        | Found a burning altar of Makhleb.
   586 | D        | Found a hazy altar of Hepliaklqana.
   586 | D        | Found a shimmering altar of Xom.
   586 | D        | Found an opulent altar of Gozag.
   586 | D        | Found a sparkling altar of Nemelex Xobeh.
   586 | D        | Found a corrupted altar of Lugonu.
   586 | D        | Found a viscous altar of Jiyva.
   598 | D        | Reached skill level 10 in Armour
   655 | D        | Received a gift from Trog
   707 | D        | Noticed a two-headed ogre
   718 | D        | Killed a two-headed ogre
   718 | D        | Reached skill level 10 in Dodging
   920 | D        | Noticed a two-headed ogre
   920 | D        | Noticed Erolcha
   926 | D        | Killed Erolcha
   926 | D        | Reached ****** piety under Trog
   926 | D        | Reached skill level 15 in Axes
   926 | D        | Reached XP level 9. HP: 90/90 MP: 2/8
   929 | D        | Killed a two-headed ogre
   973 | D        | Noticed an orc high priest
   973 | D        | Noticed an orc knight
   974 | D        | Noticed a sun demon
   974 | D        | Noticed a red devil
   979 | D        | Killed an orc high priest
   981 | D        | Killed an orc knight
   988 | D        | Received a gift from Trog
   992 | D        | Received a gift from Trog
   993 | D        | Found Tysenepp's Assorted Antiques.
  1039 | D        | Bought a shiny iron ring for 140 gold pieces
  1343 | D        | Received a gift from Trog
  1346 | D        | Reached XP level 10. HP: 86/100 MP: 3/9
  1362 | D        | Received a gift from Trog
  1372 | D        | Received a gift from Trog
  1388 | D        | Received a gift from Trog
  1563 | D        | Received a gift from Trog
  1638 | D        | Received a gift from Trog
  1742 | D        | Noticed a spiny frog
  1742 | D        | Noticed a spiny frog
  1750 | D        | Killed a spiny frog
  1757 | D        | Killed a spiny frog
  2006 | D        | Received a gift from Trog
  2007 | D        | Reached XP level 11. HP: 110/110 MP: 8/10
  2025 | D        | Noticed Rupert
  2031 | D        | Killed Rupert
  2044 | D        | Noticed a dire elephant
  2049 | D        | Killed a dire elephant
  2049 | D        | Received a gift from Trog
  2057 | D        | Noticed Gastronok
  2059 | D        | Noticed a dire elephant
  2067 | D        | Killed a dire elephant
  2067 | D        | Reached skill level 15 in Fighting
  2073 | D        | Killed Gastronok
  2073 | D        | Reached skill level 15 in Armour
  2092 | D        | Noticed an azure jelly
  2092 | D        | Noticed an azure jelly
  2092 | D        | Noticed an azure jelly
  2094 | D        | Noticed an azure jelly
  2108 | D        | Noticed a death yak
  2109 | D        | Noticed a death yak
  2113 | D        | Noticed a death yak
  2117 | D        | Killed a death yak
  2120 | D        | Noticed a death yak
  2124 | D        | Killed a death yak
  2132 | D        | Killed a death yak
  2138 | D        | Killed a death yak
  2139 | D        | Received a gift from Trog
  2156 | D        | Reached XP level 12. HP: 114/122 MP: 8/11
  2253 | D        | Noticed a kraken
  2262 | D        | Killed a kraken
  2262 | D        | Reached skill level 15 in Dodging
  2267 | D        | Received a gift from Trog
  2317 | D        | Noticed an alligator snapping turtle
  2317 | D        | Noticed an alligator snapping turtle
  2332 | D        | Killed an alligator snapping turtle
  2337 | D        | Killed an alligator snapping turtle
  2381 | D        | Found Yceat's Magic Scroll Shoppe.
  2381 | D        | Found Idaloo Pobau's Jewellery Boutique.
  2381 | D        | Found Kuhoitin's Antique Armour Shop.
  2381 | D        | Noticed an alligator snapping turtle
  2398 | D        | Killed an alligator snapping turtle
  2406 | D        | Bought a scroll of remove curse for 42 gold pieces
  2407 | D        | Bought the ring "Halixtiem" {rElec rN++ MP+9 Dex-2 Stlth+} for 431 gold pieces
  2409 | D        | Got a barnacled rune of Zot
  2411 | D        | Bought an embroidered scarf for 240 gold pieces
  2578 | D        | Received a gift from Trog
  2587 | D        | Noticed Urug
  2590 | D        | Killed Urug
  2665 | D        | Noticed a six-headed hydra
  2665 | D        | Noticed a six-headed hydra
  2672 | D        | Killed an eight-headed hydra
  2677 | D        | Killed an 11-headed hydra
  2871 | D        | Found a blossoming altar of Fedhas.
  2885 | D        | Received a gift from Trog
  2932 | D        | Received a gift from Trog
  2953 | D        | Noticed an anaconda
  2960 | D        | Killed an anaconda
  2961 | D        | Reached XP level 13. HP: 134/134 MP: 12/12
  3012 | D        | Noticed a nagaraja
  3027 | D        | Killed a nagaraja
  3027 | D        | Received a gift from Trog
  3075 | D        | Found Rounemp's Antique Armour Shop.
  3075 | D        | Found Uzebamumm's Distillery.
  3077 | D        | Found Ecwenorui's Jewellery Boutique.
  3097 | D        | Got a serpentine rune of Zot
  3111 | D        | Bought a shiny plate armour for 546 gold pieces
  3124 | D        | Bought an uncursed ring of ice for 300 gold pieces
  3252 | D        | Found the +2 mace of Variability {chaos}
  3387 | D        | Noticed Harold
  3387 | D        | Noticed Joseph
  3395 | D        | Killed Harold
  3395 | D        | Received a gift from Trog
  3399 | D        | Killed Joseph
  3692 | D        | Received a gift from Trog
  3705 | D        | Found Ojuthradi's Gadget Emporium.
  3705 | D        | Found Biuguel's Antique Weapon Shop.
  3705 | D        | Found Uprur's Magic Scroll Boutique.
  3705 | D        | Found Ummi's Weapon Shoppe.
  3705 | D        | Found Git Waic's Jewellery Boutique.
  3705 | D        | Found Qoedd's Antique Weapon Emporium.
  3705 | D        | Found Wownauh's Jewellery Shoppe.
  3705 | D        | Found Ceuprawate's Book Shop.
  3705 | D        | Found Quuvupyo's Antique Armour Shop.
  3705 | D        | Found Sidoutur's Food Emporium.
  3705 | D        | Found Duedynof's Distillery.
  3705 | D        | Found Caasisey's Magic Scroll Boutique.
  3814 | D        | Received a gift from Trog
  4234 | D        | Found Xoupoj's Gadget Emporium.
  4234 | D        | Found Goutoad's Distillery.
  4234 | D        | Found Catewen's Food Shop.
  4234 | D        | Found Amamele's Food Shoppe.
  4429 | D        | Noticed Nikola
  4429 | D        | Noticed a storm dragon
  4468 | D        | Killed a storm dragon
  4468 | D        | Received a gift from Trog
  4486 | D        | Killed Nikola
  4503 | D        | Received a gift from Trog
  4546 | D        | Noticed a mummy priest
  4554 | D        | Killed a mummy priest
  4811 | D        | Received a gift from Trog
  4812 | D        | Received a gift from Trog
  4815 | D        | Got a dazzling battleaxe {god gift}
  4881 | D        | Found Jaorumnu's Food Boutique.
  5056 | D        | Noticed Roxanne
  5071 | D        | Killed Roxanne
  5071 | D        | Reached XP level 14. HP: 131/149 MP: 13/13
  5072 | D        | Identified Roxanne's Catalogue of Shape Shifting (You took it off Roxanne in the Dungeon)
  5140 | D        | Received a gift from Trog
  5152 | D        | Got a fine battleaxe {god gift}
  5224 | D        | Noticed an Executioner
  5227 | D        | Killed an Executioner
  5250 | D        | Noticed Nessos
  5263 | D        | Killed Nessos
  5263 | D        | Received a gift from Trog
  5318 | D        | Noticed Mara
  5318 | D        | Noticed a vampire knight
  5318 | D        | Noticed a vampire knight
  5325 | D        | Killed a vampire knight
  5326 | D        | Noticed wojtek's illusion
  5337 | D        | Killed Mara
  5337 | D        | Killed a vampire knight
  5362 | D        | Noticed an ancient champion
  5368 | D        | Killed an ancient champion
  5368 | D        | Received a gift from Trog
  5571 | D        | Received a gift from Trog
  5612 | D        | Received a gift from Trog
  5710 | D        | Paralysed by a yaktaur captain for 6 turns
  5785 | D        | Bought a potion of heal wounds for 70 gold pieces
  5785 | D        | Bought a potion of heal wounds for 70 gold pieces
  5997 | D        | Noticed Chuck
  6012 | D        | Killed Chuck
  6043 | D        | Noticed Frederick
  6058 | D        | Killed Frederick
  6058 | D        | Received a gift from Trog
  6151 | D        | Noticed a lich
  6159 | D        | Killed a lich
  6159 | D        | Received a gift from Trog
  6159 | D        | Reached XP level 15. HP: 119/166 MP: 14/14
  6278 | D        | Noticed a shadow dragon
  6278 | D        | Noticed a shadow dragon
  6283 | D        | Killed a shadow dragon
  6286 | D        | Killed a shadow dragon
  6434 | D        | Bought a potion of flight for 42 gold pieces
  6465 | D        | Bought a potion of flight for 42 gold pieces
  6627 | D        | Received a gift from Trog
  6654 | D        | Noticed a titan
  6740 | D        | Received a gift from Trog
  6763 | D        | Noticed a golden dragon
  6773 | D        | Killed a golden dragon
  6776 | D        | Noticed a golden dragon
  6807 | D        | Killed a titan
  7139 | D        | Noticed a titan
  7148 | D        | Killed a titan
  7153 | D        | Noticed a frost giant
  7164 | D        | Noticed a titan
  7166 | D        | Killed a frost giant
  7166 | D        | Received a gift from Trog
  7187 | D        | Killed a titan
  7187 | D        | Received a gift from Trog
  7194 | D        | Noticed a shadow dragon
  7204 | D        | Killed a shadow dragon
  7261 | D        | Killed a golden dragon
  7261 | D        | Received a gift from Trog
  7288 | D        | Received a gift from Trog
  7298 | D        | Found the +7 sceptre of Torment
  7298 | D        | Got a shimmering marble ring
  7299 | D        | Got a heavily runed scale mail
  7306 | D        | Got a flickering brass ring
  7308 | D        | Identified the ring "Wifoal" {rElec rPois SInv} (You took it off a vault guard in the Dungeon)
  7309 | D        | Identified the ring "Leipn" {rPois Int+4} (You took it off a skeletal warrior in the Dungeon)
  7330 | D        | Received a gift from Trog
  7344 | D        | Got a silver rune of Zot
  7349 | D        | Identified the +10 scale mail "Kecupury" {rElec rN+ Int+2 Dex+2} (You took it off a vault guard in the Dungeon)
  7494 | D        | Reached XP level 16. HP: 182/182 MP: 15/15
  7495 | D        | Received a gift from Trog
  7495 | D        | Reached skill level 27 in Armour
  7499 | D        | Noticed an ancient lich
  7515 | D        | Killed an ancient lich
  7515 | D        | Reached skill level 27 in Fighting
  7629 | D        | Noticed a sphinx
  7629 | D        | Noticed a sphinx
  7642 | D        | Killed a sphinx
  7642 | D        | Received a gift from Trog
  7645 | D        | Paralysed by a sphinx for 6 turns
  7653 | D        | Killed a sphinx
  7653 | D        | Reached skill level 27 in Dodging
  7657 | D        | Reached skill level 5 in Evocations
  7771 | D        | Got a crude graven amulet
  7878 | D        | Identified the +1 battleaxe "Luepig" {drain, MR+ Dex+6} (Trog gifted it to you in the Dungeon)
  7880 | D        | Bought a scroll of identify for 28 gold pieces
  7880 | D        | Identified the amulet of the Priest {Gourm MR+ Int+3} (You took it off a skeletal warrior in the Dungeon)
  7891 | D        | Bought a scroll of identify for 22 gold pieces
  7891 | D        | Bought a scroll of identify for 22 gold pieces
  7891 | D        | Bought a scroll of identify for 22 gold pieces
  7891 | D        | Bought a scroll of identify for 22 gold pieces
  7891 | D        | Bought a scroll of identify for 22 gold pieces
  8135 | D        | Identified the +2 battleaxe of Trog's Supremacy {vamp, +Rage Stlth+} (Trog gifted it to you in the Dungeon)
  8141 | D        | Noticed Boris
  8174 | D        | Killed Boris
  8174 | D        | Received a gift from Trog
  8174 | D        | Reached skill level 10 in Evocations
  8516 | D        | Noticed Mennas
  8539 | D        | Killed Mennas
  8869 | D        | Received a gift from Trog
  8900 | D        | Reached skill level 15 in Evocations
  9011 | D        | Noticed Geryon
  9017 | D        | Received a gift from Trog
  9027 | D        | Killed Geryon
  9037 | D        | Received a gift from Trog
  9279 | D        | Received a gift from Trog
  9299 | D        | Noticed a deep elf blademaster
  9299 | D        | Noticed a Brimstone Fiend
  9796 | D        | Received a gift from Trog
  9826 | D        | Killed a deep elf blademaster
  9852 | D        | Identified the Compendium of the Escort and Attacks
  9888 | D        | Got a bound iron ring
  9895 | D        | Got a steaming crystal amulet
  9904 | D        | Got a pair of smoking boots
  9910 | D        | Identified the +0 pair of boots of Jab Wuuto {MP-9 Str+7 Int+2 Dex+2} (You found it in the Dungeon)
 10082 | D        | Bought a scroll of identify for 28 gold pieces
 10082 | D        | Bought a scroll of identify for 28 gold pieces
 10082 | D        | Bought a scroll of identify for 28 gold pieces
 10082 | D        | Identified the ring of Cuntuyck {Int+3 Dex+2} (You found it in the Dungeon)
 10083 | D        | Identified the amulet "Xomnut" {Gourm rF+ Str+4 Dex+2} (You found it in the Dungeon)
 10246 | D        | Noticed the Serpent of Hell
 10247 | D        | Noticed a Brimstone Fiend
 10257 | D        | Noticed a golden dragon
 10262 | D        | Killed the Serpent of Hell
 10262 | D        | Received a gift from Trog
 10262 | D        | Reached XP level 17. HP: 191/191 MP: 28/30
 10266 | D        | Killed a Brimstone Fiend
 10272 | D        | Got a bone battleaxe {god gift}
 10383 | D        | Got an obsidian rune of Zot
 11099 | D        | Received a gift from Trog
 11584 | D        | Noticed a greater mummy
 11584 | D        | Noticed a greater mummy
 11648 | D        | Killed a greater mummy
 11648 | D        | Received a gift from Trog
 11831 | D        | Killed a greater mummy
 12258 | D        | Got a golden rune of Zot
 12392 | D        | Bought an uncursed ring of ice for 325 gold pieces
 12480 | D        | Received a gift from Trog
 12584 | D        | Bought a ration for 55 gold pieces
 12584 | D        | Bought a ration for 55 gold pieces
 12584 | D        | Bought a ration for 55 gold pieces
 12584 | D        | Bought a ration for 55 gold pieces
 12584 | D        | Bought a ration for 55 gold pieces
 12632 | D        | Noticed a deep elf blademaster
 12632 | D        | Noticed a deep elf blademaster
 12644 | D        | Killed a deep elf blademaster
 12652 | D        | Killed a deep elf blademaster
 12858 | D        | Received a gift from Trog
 12965 | D        | Noticed an Ice Fiend
 12969 | D        | Killed an Ice Fiend
 12980 | D        | Noticed Antaeus
 12986 | D        | HP: 3/190 [Antaeus (47)]
 12986 | D        | Mangled by Antaeus

Skill      XL: |  1  2  3  4  5  6  7  8  9 10 11 12 13 14 15 16 17 |
---------------+----------------------------------------------------+-----
Axes           | 5 6 7 8 11 13 15 16 18 21 23 24 | 24.5
Fighting       | 4 5 6 9 10 11 12 14 16 17 20 23 26 27 | 27.0
Armour         | 3 4 5 8 9 11 12 14 16 17 20 23 26 27 | 27.0
Dodging        | 3 4 5 7 9 10 11 13 14 16 19 22 25 27 | 27.0
Evocations     | 21 26 | 26.2

Action                   |  1- 3 |  4- 6 |  7- 9 | 10-12 | 13-15 | 16-18 || total
-------------------------+-------+-------+-------+-------+-------+-------++-------
Melee: Hand axe          |    16 |     9 |    55 |       |       |       ||    80
       Headbutt          |     2 |     3 |    21 |    58 |   122 |    95 ||   301
       Battleaxe         |       |       |    33 |    41 |       |   291 ||   365
       Executioner's axe |       |       |       |   236 |   541 |    26 ||   803
Throw: Throwing net      |       |       |       |       |       |     1 ||     1
Invok: Berserk           |     1 |     1 |     3 |     2 |       |     4 ||    11
       Burn Spellbooks   |       |     1 |       |       |     1 |     3 ||     5
       Brothers in Arms  |       |       |     2 |     2 |     5 |    21 ||    30
 Abil: Evoke Flight      |       |       |       |       |       |     4 ||     4
Evoke: Wand              |       |       |       |       |       |    14 ||    14
  Use: Potion            |       |       |       |     1 |     3 |     4 ||     8
       Scroll            |       |       |       |       |     3 |    10 ||    13
 Stab: Distracted        |       |       |       |     1 |       |     2 ||     3
       Held in net/web   |       |       |       |       |       |     3 ||     3
  Eat: Chunk             |       |       |     6 |     3 |     6 |     3 ||    18
       Ration            |       |       |     1 |     2 |     3 |     9 ||    15
Armor: Animal skin       |     1 |     2 |     5 |       |       |       ||     8
       Plate armour      |       |       |     9 |   147 |   247 |   143 ||   546
Dodge: Dodged            |     5 |     6 |    46 |   201 |   231 |   245 ||   734
       Deflected         |       |       |       |       |     7 |       ||     7
